 Dungeon Crawl Stone Soup version 0.30.1-3-gfc49f6343a (webtiles) character file.

Game seed: 2072007596655055425

1412 Anriel the Chopper (level 9, -2/102 HPs)
             Began as a Human Gladiator on July 19, 2023.
             Was an Initiate of Gozag.
             Slain by a vampire (4 damage)
             ... on level 6 of the Dungeon.
             The game lasted 00:33:57 (4617 turns).

Anriel the Chopper (Human Gladiator)                Turns: 4617, Time: 00:33:58

Health: -2/102     AC: 24    Str: 18    XL:     9   Next: 2%
Magic:  0/9        EV:  2    Int: 10    God:    Gozag
Gold:   116        SH:  0    Dex: 14    Spells: 8/8 levels left

rFire   . . .        a - +0 war axe
rCold   . . .        (no shield)
rNeg    + . .        q - melded +0 chain mail
rPois   +            c - melded +0 helmet
rElec   .            s - melded +0 cloak
rCorr   .            i - melded +1 pair of gloves
SInv    .            (boots currently unavailable)
Will    .....        t - amulet of guardian spirit
Stlth   +            n - ring of positive energy
HPRegen 0.37/turn    (no ring)
MPRegen 0.11/turn

%: guardian spirit
@: tree-form, studying Dodging
A: stationary, stasis, torment immunity, boosted hp
a: Renounce Religion, Potion Petition, Call Merchant, Bribe Branch


You were on level 6 of the Dungeon.
You worshipped Gozag.
Gozag was aware of your devotion.
You were a tree.
You visited 2 branches of the dungeon, and saw 7 of its levels.
You also visited: Sewer.

You collected 322 gold pieces.
You spent 120 gold pieces at shops.
You paid 86 gold pieces to Gozag.

Inventory:

Hand Weapons
 a - a +0 war axe (weapon)
Missiles
 b - 6 boomerangs
 d - a throwing net
 e - 6 javelins (quivered)
Armour
 c - a +0 helmet (melded)
 g - the +0 hat "Merromni" {rElec rPois Will++ Str-5}
   (You found it on level 3 of the Dungeon)

   Str:       It affects your strength (-5).
   rElec:     It insulates you from electricity.
   rPois:     It protects you from poison.
   Will:      It greatly increases your willpower.
 i - a +1 pair of gloves (melded)
 p - a +1 leather armour of fire resistance
 q - a +0 chain mail (melded)
 r - a +3 leather armour
 s - a +0 cloak (melded)
 v - a scarf of shadows
Jewellery
 n - a ring of positive energy (left branch)
 t - an amulet of guardian spirit (around neck)
 y - a ring of flight
 B - a ring of wizardry
Wands
 k - a wand of flame (24)
 z - a wand of roots (6)
Scrolls
 u - 3 scrolls of teleportation
 x - 2 scrolls of identify
 A - a scroll of enchant armour {unknown}
 C - a scroll of torment {unknown}
Potions
 f - a potion of brilliance
 l - a potion of might
 m - 3 potions of cancellation
 w - 2 potions of mutation


   Skills:
 + Level 5.1 Fighting
 * Level 5.5 Axes
 - Level 5.0 Throwing
 - Level 5.0 Armour
 - Level 5.2 Dodging
 + Level 1.7 Evocations


You had 8 spell levels left.
You didn't know any spells.
Your spell library contained the following spells:

 Spells                   Type           Power      Damage    Failure   Level
 Magic Dart               Conj           0%         1d3       36%         1
 Call Imp                 Summ           0%         N/A       50%         2
 Cigotuvi's Dreadful Rot  Necr/Pois/Air  0%         N/A       50%         2
 Call Canine Familiar     Summ           0%         N/A       75%         3
 Ignite Poison            Fire/Tmut/Pois 0%         N/A       75%         3
 Mephitic Cloud           Conj/Pois/Air  0%         N/A       75%         3
 Portal Projectile        Hex/Tloc       0%         N/A       75%         3
 Stone Arrow              Conj/Erth      0%         3d7       75%         3
 Animate Armour           Summ/Erth      0%         N/A       98%         4
 Dispel Undead            Necr           0%         3d6       98%         4
 Leda's Liquefaction      Hex/Erth       0%         N/A       98%         4
 Sticky Flame             Conj/Fire      0%         2d3       98%         4
 Death Channel            Necr           0%         N/A       100%        6
 Ignition                 Fire           0%         3d3       100%        8
 Lehudib's Crystal Spear  Conj/Erth      0%         10d2      100%        8


Dungeon Overview and Level Annotations

Branches:
Dungeon (6/15)             Temple (1/1) D:6           Sewer (visited)

Altars:
Cheibriados
Dithmenos
Gozag
Hepliaklqana
Kikubaaqudgha
Makhleb
Nemelex Xobeh
Qazlal
Trog
Uskayaw
Vehumet
Wu Jian
Yredelemnul
Zin
The Shining One

Shops:
D:5 **


Message History

Cleave: a) +0 war axe
Press: ? - help, Dir - move target You barely miss something.
Something hits you but does no damage. Something bites you but does no damage.
Cleave: a) +0 war axe
Press: ? - help, Dir - move target You hit something.
Something hits you but does no damage. Something bites you.
* * * LOW HITPOINT WARNING * * *
Something draws strength from your injuries!
Something hits you but does no damage. Something bites you.
* * * LOW HITPOINT WARNING * * *
Cleave: a) +0 war axe
Press: ? - help, Dir - move target You closely miss something.
Something hits you but does no damage. Something bites you but does no damage.
Cleave: a) +0 war axe
Press: ? - help, Dir - move target You hit something.
A vampire appears from thin air!
The vampire hits you.
* * * LOW HITPOINT WARNING * * *
The vampire barely misses you.
You closely miss the vampire.
The vampire is moderately damaged.
The vampire hits you.
* * * LOW HITPOINT WARNING * * *
The vampire bites you but does no damage.
You closely miss the vampire.
The vampire is moderately damaged.
The vampire hits you but does no damage.
The vampire bites you but does no damage.
You barely miss the vampire.
The vampire is moderately damaged.
The vampire hits you.
* * * LOW HITPOINT WARNING * * *
The vampire bites you!
* * * LOW HITPOINT WARNING * * *
The vampire draws strength from your injuries!
The vampire hits you but does no damage.
The vampire bites you.
You die...
Your body crumbles into a pile of gold.

. #.# #.#
####.########
##.....#.....#
##.............
####..............
.................. .
.................
..####......♣.......
...........V........
#...................
###...............
####[....#.....#
###.#.########
#.........#
#.........#
#.........#


You could see a vampire.

Vanquished Creatures
  Eustachio (D:4)
  The ghost of m3rle the Conjurer, an amateur HuCj (D:3)
  A water moccasin (Sewer)
  An ogre (D:6)
  2 phantoms
  A bullfrog (D:6)
  4 scorpions
  A sleepcap (D:5)
  4 hounds
  Ijyb (D:3)
  2 iguanas
  2 orc wizards (D:5)
  14 adders
  A river rat (D:6)
  2 ufetubi (D:5)
  2 worms
  4 dart slugs
  16 orcs
  13 endoplasms
  4 giant cockroaches
  5 goblins
  6 hobgoblins
  3 jackals (Sewer)
  9 kobolds
  4 quokkas
  5 ball pythons
  3 bats
  2 frilled lizards (D:1)
  7 rats
121 creatures vanquished.

Notes
Turn   | Place    | Note
-------+----------+-------------------------------------------
     0 | D:1      | Anriel the Human Gladiator began the quest for the Orb.
     0 | D:1      | Reached XP level 1. HP: 16/16 MP: 1/1
   168 | D:1      | Reached XP level 2. HP: 19/22 MP: 2/2
   197 | D:1      | Reached skill level 1 in Armour
   378 | D:1      | Reached XP level 3. HP: 28/28 MP: 3/3
   702 | D:1      | Identified a scroll of acquirement
   702 | D:1      | Acquired a manual of Dodging
  1055 | D:2      | Reached XP level 4. HP: 34/34 MP: 4/4
  1326 | D:3      | Found a runed translucent door.
  1331 | D:3      | Noticed m3rle's ghost (amateur HuCj)
  1369 | D:3      | Found a runed translucent door.
  1425 | D:3      | Identified the +0 hat "Merromni" {rElec rPois Will++ Str-5}
  1519 | D:3      | Noticed Ijyb
  1539 | D:3      | Reached XP level 5. HP: 11/41 MP: 5/5
  1539 | D:3      | Killed Ijyb
  2074 | D:4      | Noticed Eustachio
  2101 | D:4      | Killed Eustachio
  2102 | D:4      | Reached XP level 6. HP: 38/48 MP: 6/6
  2197 | D:4      | Found a snail-covered altar of Cheibriados.
  2680 | D:4      | Found a burning altar of Makhleb.
  2985 | D:5      | Entered Level 5 of the Dungeon
  3120 | D:3      | Killed m3rle's ghost
  3121 | D:3      | Reached XP level 7. HP: 46/55 MP: 5/7
  3177 | D:5      | Found Favvuil's General Store.
  3185 | D:5      | Found Idwanit's Fire Supplies.
  3211 | D:5      | Reached skill level 5 in Fighting
  3328 | D:5      | Bought a potion of mutation for 96 gold pieces
  3328 | D:5      | Bought a scroll of identify for 24 gold pieces
  3489 | D:5      | Reached XP level 8. HP: 46/62 MP: 5/8
  3546 | D:5      | Reached skill level 5 in Axes
  3613 | D:5      | Found a glowing golden altar of the Shining One.
  3928 | D:6      | Found a glowing drain.
  3948 | Sewer    | Entered a sewer
  4017 | Sewer    | Reached skill level 5 in Dodging
  4129 | D:6      | Reached skill level 5 in Armour
  4152 | D:6      | Found a staircase to the Ecumenical Temple.
  4162 | Temple   | Entered the Ecumenical Temple
  4397 | Temple   | Became a worshipper of Gozag Ym Sagoz the Greedy
  4476 | D:6      | Reached skill level 5 in Throwing
  4476 | D:6      | Reached skill level 1 in Evocations
  4560 | D:6      | Reached XP level 9. HP: 61/68 MP: 9/9
  4617 | D:6      | HP: 2/102 [vampire (5)]
  4617 | D:6      | Slain by a vampire

Illustrated notes

Levels and vault maps discovered:
D:1:      dpeg_arrival_three_same_balls, layout_basic, glass_columns_c
D:2:      layout_basic, nicolae_kite_square_tiling_tiny
D:3:      layout_rooms, ebering_ghost_sewer_f, hex_tiny, minmay_bisected,
          uniq_ijyb
D:4:      layout_basic, cheibriados_altar_1, mainiacjoe_overflow_24_doors,
          uniq_eustachio
D:5:      minmay_chambers_of_threes, layout_cave_pools, old_standard_altar,
          corexii_leaking_fountain, nicolae_shop_fire_sale
          [nicolae_sub_dead_trees], nicolae_stop_n_shop_2
D:6:      layout_rooms, lemuel_temple_firewalk_b, portal_sewer_entry_b
Temple:   chequers_temple_sunken

Skill      XL: |  1  2  3  4  5  6  7  8 |
---------------+-------------------------+-----
Armour         | 1 2 3 5 |  5.0
Fighting       | 3 4 5 |  5.1
Throwing       | 3 4 5 |  5.0
Axes           | 4 5 |  5.5
Dodging        | 5 |  5.2
Evocations     | 1 |  1.7

Action                     |  1- 3 |  4- 6 |  7- 9 || total
---------------------------+-------+-------+-------++-------
  Melee: War axe           |    36 |   131 |   176 ||   343
         Punch             |       |     1 |     5 ||     6
  Throw: Javelin           |    20 |    21 |    16 ||    57
         Throwing net      |       |     3 |     1 ||     4
    Use: Scroll            |     7 |     6 |     6 ||    19
         Potion            |       |     2 |     3 ||     5
   Stab: Held in net/web   |       |       |     2 ||     2
 Armour: Leather armour    |     7 |       |       ||     7
         Ring mail         |       |    28 |       ||    28
         Chain mail        |       |    87 |   129 ||   216
         Skin              |       |       |    20 ||    20
  Dodge: Dodged            |    23 |    80 |   104 ||   207
